 Dungeon Crawl Stone Soup version 0.28.0-53-g5a82cb258f (console) character file.

Game seed: 12944597555886730621

89 erker the Sneak (level 4, -3/27 HPs)
             Began as an Octopode Earth Elementalist on July 10, 2022.
             Slain by an orc
             ... wielding a +0 mace
              (4 damage)
             ... on level 3 of the Dungeon.
             The game lasted 00:04:18 (2398 turns).

erker the Sneak (Octopode Earth Elementalist)       Turns: 2398, Time: 00:04:18

Health: -3/27      AC:  1    Str:  7    XL:     4   Next: 55%
Magic:  5/7        EV: 13    Int: 19    God:
Gold:   7          SH:  0    Dex: 12    Spells: 4/7 levels left

rFire   . . .      SeeInvis .   a - +1 dagger (venom)
rCold   . . .      Faith    .   (no shield)
rNeg    . . .      Spirit   .   (helmet restricted)
rPois   .          Reflect  .   d - amulet of the acrobat
rElec   .          Harm     .   (no ring)
rCorr   .          Rampage  .   (no ring)
Will    .....                   (no ring)
Stlth   +++.......              (no ring)
HPRegen 0.09/turn               (no ring)
MPRegen 0.10/turn               (no ring)
                                (no ring)
                                (no ring)

@: no status effects
A: almost no armour, amphibious, 8 rings, camouflage 1, gelatinous body 1,
(nimble swimmer 1), tentacles
a: no special abilities


You were on level 3 of the Dungeon.
You visited 1 branch of the dungeon, and saw 3 of its levels.

You collected 46 gold pieces.
You spent 39 gold pieces at shops.

Inventory:

Hand Weapons
 a - a +1 dagger of venom (weapon)
Missiles
 b - 39 stones
 g - 28 bolts
Armour
 j - a +0 kite shield
Jewellery
 d - an amulet of the acrobat (around mantle)
Wands
 i - a wand of acid (6)
Scrolls
 f - 3 scrolls of identify {unknown}
 h - a scroll of teleportation {unknown}
 k - a scroll of fear {unknown}
 m - 3 scrolls of blinking {unknown}
Potions
 c - 3 potions of curing
 e - a potion of cancellation {unknown}
 l - a potion of mutation {unknown}


   Skills:
 - Level 2.0 Short Blades
 - Level 2.0 Dodging
 - Level 4.0 Stealth
 - Level 2.0 Spellcasting
 + Level 1.4 Transmutations
 - Level 4.0 Earth Magic


You had 4 spell levels left.
You knew the following spells:

 Your Spells              Type           Power      Damage    Failure   Level
a - Sandblast             Erth           34%        2d9       3%          1
w - Passwall              Tmut/Erth      10%        N/A       9%          2

Your spell library contained the following spells:

 Spells                   Type           Power      Damage    Failure   Level
 Stone Arrow              Conj/Erth      18%        3d8       22%         3
 Petrify                  Tmut/Erth      12%        N/A       50%         4


Dungeon Overview and Level Annotations

Branches:
Dungeon (3/15)

Altars:
Kikubaaqudgha

Shops:
D:2 *


Innate Abilities, Weirdness & Mutations

You cannot wear most types of armour.
You are amphibious.
You can wear up to eight rings at the same time.
Your skin changes colour to match your surroundings (Stealth+).
Your rubbery body absorbs attacks. (AC +1, EV +1)
((You are camouflaged when in or above water. (Stealth+)))
You have tentacles for arms and can constrict up to eight enemies at once.


Message History

Confirm with . or Enter, or press ? or * to list all spells.
Aiming: Passwall (safe; 10% risk of failure)
Press: ? - help, Dir - move target A rock wall.
You begin to meditate on the wall.
You continue meditating on the rock. x3
You finish merging with the rock.
The helpless orc wizard fails to defend itself.
You puncture the orc wizard!
You kill the orc wizard!
Training target 4.0 for Earth Magic reached!
Your Earth Magic skill increases to level 4!
You need to enable at least one skill for training.
The helpless orc fails to defend itself.
You impale the orc!!
You kill the orc!
The orc shouts! x2
You hit the orc wizard but do no damage.
You grab the orc wizard.
You tentacle-slap the orc wizard, but do no damage.
You constrict the orc wizard. The orc hits you with a +0 mace.
The orc wizard hits you with a +0 dagger of freezing.
The orc wizard freezes you. The orc closely misses you.
You hit the orc wizard but do no damage.
The orc wizard is lightly wounded.
You constrict the orc wizard. The orc barely misses you. x2
The orc wizard hits you with a +0 dagger of freezing.
The orc wizard freezes you.
You hit the orc wizard but do no damage.
The orc wizard is poisoned.
You squeeze the orc wizard.
The orc wizard is heavily wounded.
You constrict the orc wizard. The orc hits you with a +0 mace!
* * * LOW HITPOINT WARNING * * *
You hit the orc wizard.
The orc wizard looks as sick as possible!
You squeeze the orc wizard.
You kill the orc wizard!
The orc hits you with a +0 whip.
* * * LOW HITPOINT WARNING * * *
The orc hits you with a +0 mace.
You die...

###############
#..........)..#
##.##..##.###.#
#.##.......#.#
####.##o##.....#.#.#
......)@##....##.#.#
####.#.o##......####
#..##.#..###⌠##
#..##.####....##
##.#..#.......#⌠..##
.......#########.†.##
...............##†.⌠#
........####.####.<.#
.>......# #..###..⌠#


You could see 2 orcs.

Vanquished Creatures
  2 orc wizards (D:3)
  An adder (D:2)
  A worm (D:2)
  2 orcs (D:3)
  4 bats
  6 endoplasms
  2 giant cockroaches
  4 goblins
  7 hobgoblins
  2 kobolds (D:1)
  2 quokkas (D:1)
  6 ball pythons
  6 frilled lizards
  2 rats
47 creatures vanquished.

Notes
Turn   | Place    | Note
-------+----------+-------------------------------------------
     0 | D:1      | erker the Octopode Earth Elementalist began the quest for
                  | the Orb.
     0 | D:1      | Reached XP level 1. HP: 11/11 MP: 3/3
   262 | D:1      | Reached XP level 2. HP: 7/17 MP: 1/5
   265 | D:1      | Learned a level 2 spell: Passwall
   664 | D:1      | Reached skill level 1 in Short Blades
  1011 | D:1      | Reached XP level 3. HP: 20/21 MP: 6/6
  1490 | D:2      | Found Xeba's General Store.
  1967 | D:2      | Bought a potion of curing for 39 gold pieces
  2229 | D:2      | Found an ancient bone altar of Kikubaaqudgha.
  2274 | D:2      | Reached XP level 4. HP: 27/27 MP: 7/7
  2398 | D:3      | HP: 1/27 [orc/+0 whip (5)]
  2398 | D:3      | Slain by an orc

Illustrated notes

Levels and vault maps discovered:
D:1:      dpeg_arrival_rooms_with_view, layout_basic
D:2:      layout_basic, basic_altar, serial_shops, nicolae_shop_trees
D:3:      layout_basic, general_overflow_altar, portal_sewer_entry_f,
          grunt_ministairs_8

Skill      XL: |  1  2  3  4 |
---------------+-------------+-----
Stealth        | 3 4 |  4.0
Short Blades   | 1 2 |  2.0
Earth Magic    | 4 |  4.0
Dodging        | |  2.0
Spellcasting   | |  2.0
Transmutations | |  1.4

Action                   |  1- 3 |  4- 6 || total
-------------------------+-------+-------++-------
Melee: Unarmed           |     9 |       ||     9
       Constrict         |    14 |     2 ||    16
       Punch             |     1 |     1 ||     2
       Dagger            |    63 |    11 ||    74
       Tentacles         |     6 |     2 ||     8
 Cast: Sandblast         |    12 |       ||    12
       Passwall          |       |     2 ||     2
 Stab: Sleeping          |    12 |     4 ||    16
Armor: Skin              |     3 |       ||     3
Dodge: Dodged            |    38 |     4 ||    42
